 Dungeon Crawl Stone Soup version 0.22.1-2-g9c5b331 (webtiles) character file.

66612 PaladinM the Fencer (level 15, -3/178 HPs)
             Began as a Human Fighter on Nov 25, 2018.
             Was the Champion of the Shining One.
             Slain by an orc warrior
             ... wielding a +0 trident
              (8 damage)
             ... on level 2 of the Orcish Mines.
             The game lasted 01:18:32 (24970 turns).

PaladinM the Fencer (Human Fighter)                Turns: 24970, Time: 01:18:32

Health: -3/178     AC: 27    Str: 25    XL:     15   Next: 62%
Magic:  23/23      EV:  2    Int: 11    God:    the Shining One [******]
Gold:   2443       SH: 10    Dex: 14    Spells: 14/14 levels left

rFire    . . .     SeeInvis .   k - +4 scimitar (flame)
rCold    + . .     Gourm    .   c - +0 shield
rNeg     + + +     Faith    .   (armour currently unavailable)
rPois    +         Spirit   .   (helmet currently unavailable)
rElec    .         Reflect  .   (cloak currently unavailable)
rCorr    .         Harm     .   (gloves currently unavailable)
MR       +....     NoTele   +   (boots currently unavailable)
Stlth    +.........             t - amulet of the acrobat
HPRegen  0.39/turn              w - +6 ring of strength
MPRegen  0.18/turn              J - ring of protection from cold

@: tree-form, glowing
A: no striking features
a: Divine Shield, Cleansing Flame, Summon Divine Warrior, Brand Weapon With Holy
Wrath, Renounce Religion


You were on level 2 of the Orcish Mines.
You worshipped the Shining One.
The Shining One was exalted by your worship.
You were hungry.
You were a tree.
You visited 4 branches of the dungeon, and saw 21 of its levels.
You also visited: Labyrinth, Ossuary and Volcano.

You collected 2443 gold pieces.

Inventory:

Hand Weapons
 d - a +1 great sword of slicing
 k - a +4 scimitar of flaming (weapon)
 n - a +3 scimitar of freezing
Armour
 c - a +0 shield (worn)
 l - a +1 pair of boots (melded)
 y - the +0 pair of gloves "Domoame" (melded) {rF+ Str+3}
   (You found it on level 8 of the Dungeon)

   It affects your strength (+3).
   It protects you from fire.
 D - a +2 hat
 K - a +1 chain mail of cold resistance
 M - a +2 plate armour of fire resistance (melded)
 S - a +2 helmet (melded)
 T - a scarf of repulsion (melded)
Jewellery
 p - an uncursed ring of flight
 t - an amulet of the acrobat (around neck)
 u - an uncursed ring of ice
 w - a +6 ring of strength (left branch)
 J - a ring of protection from cold (right branch)
Wands
 e - a wand of paralysis (31)
 g - a wand of iceblast (8)
 i - a wand of digging (16)
 x - a wand of flame (65)
Scrolls
 b - a scroll of enchant weapon
 h - 9 scrolls of teleportation
 j - 5 scrolls of remove curse
 o - 3 scrolls of blinking
 q - 5 scrolls of enchant armour
 r - 4 scrolls of magic mapping
 z - a scroll of torment {unknown}
 F - 2 scrolls of fog
 H - 3 scrolls of fear
 N - a scroll of silence
 R - 2 scrolls of summoning {unknown}
Potions
 m - 7 potions of curing
 s - 2 potions of invisibility {unknown}
 v - 4 potions of flight
 A - a potion of haste {unknown}
 B - 4 potions of magic {unknown}
 E - 3 potions of brilliance {unknown}
 U - a potion of ambrosia {unknown}
Miscellaneous
 a - a sack of spiders
Comestibles
 f - 26 rations


   Skills:
 - Level 11.2 Fighting
 + Level 17.8 Long Blades
 - Level 8.4 Armour
 - Level 8.0 Dodging
 - Level 3.0 Shields
 + Level 11.7 Invocations


You had 14 spell levels left.
You didn't know any spells.
Your spell library contained the following spells:

 Spells                   Type           Power        Failure   Level  Hunger
 Corona                   Hex            #......      86%         1    ##.....
 Magic Dart               Conj           #...         86%         1    ##.....
 Shock                    Conj/Air       #...         86%         1    ##.....
 Corpse Rot               Necr           N/A          94%         2    ###....
 Ensorcelled Hibernation  Hex/Ice        #.....       94%         2    ###....
 Searing Ray              Conj           #.....       94%         2    ###....
 Sublimation of Blood     Necr           #.........   94%         2    ###....
 Swiftness                Chrm/Air       #.......     94%         2    ###....
 Throw Frost              Conj/Ice       #.....       94%         2    ###....
 Confuse                  Hex            #.......     99%         3    ####...
 Dazzling Spray           Conj/Hex       #.....       99%         3    ####...
 Ozocubu's Armour         Chrm/Ice       #.......     99%         3    ####...
 Regeneration             Chrm/Necr      #.........   99%         3    ####...
 Static Discharge         Conj/Air       #.......     99%         3    ####...
 Tukima's Dance           Hex            #.......     99%         3    ####...
 Airstrike                Air            #.........   100%        4    #####..
 Force Lance              Conj/Tloc      #.......     100%        4    #####..
 Fulminant Prism          Conj/Hex       #.........   100%        4    #####..
 Iskenderun's Mystic Bla  Conj           #.......     100%        4    #####..
 Summon Ice Beast         Ice/Summ       #.......     100%        4    #####..
 Agony                    Necr           #.......     100%        5    ######.
 Bolt of Draining         Conj/Necr      #.........   100%        5    ######.
 Bolt of Magma            Conj/Fire/Erth #.........   100%        5    ######.
 Dispel Undead            Necr           #.......     100%        5    ######.
 Excruciating Wounds      Chrm/Necr      #.........   100%        5    ######.
 Iskenderun's Battlesphe  Conj/Chrm      #.......     100%        5    ######.
 Lightning Bolt           Conj/Air       #.........   100%        5    ######.
 Venom Bolt               Conj/Pois      #.........   100%        5    ######.
 Bolt of Cold             Conj/Ice       #.........   100%        6    #######
 Iron Shot                Conj/Erth      #.........   100%        6    #######
 Orb of Destruction       Conj           #.........   100%        7    #######
 Spellforged Servitor     Conj/Summ      #.........   100%        7    #######


Dungeon Overview and Level Annotations

Branches:
Dungeon (12/15)            Temple (1/1) D:5            Lair (6/6) D:8
  Swamp (0/4) Lair:2        Snake (0/4) Lair:2        Slime (0/5) Lair:6
    Orc (2/2) D:11
    Elf: Orc:2

Altars:
Ashenzari
Cheibriados
Dithmenos
Elyvilon
Fedhas
Gozag
Hepliaklqana
Kikubaaqudgha
Makhleb
Nemelex Xobeh
Okawaru
Qazlal
Ru
Sif Muna
Trog
Uskayaw
Vehumet
Wu Jian
Xom
Yredelemnul
Zin
The Shining One
Beogh
Jiyva

Shops:
D:6 =   D:7 %   D:11 [


Message History

* * * LOW HITPOINT WARNING * * *
You turn into a tree.
Your scarf of repulsion melds into your body.
Your +2 helmet melds into your body.
The +0 pair of gloves "Domoame" {rF+ Str+3} melds into your body.
Your +1 pair of boots melds into your body.
Your +2 plate armour of fire resistance melds into your body.
The haze of the repulsion field disappears.
You feel less resistant to fire.
Your roots penetrate the ground.
The orc warrior hits you but does no damage.
You hit the orc warrior. You burn the orc warrior.
The orc warrior is severely wounded.
The orc warrior hits you with a dire flail!
* * * LOW HITPOINT WARNING * * *
The orc warrior hits you from afar with a glaive!
* * * LOW HITPOINT WARNING * * *
The orc unwields an uncursed arbalest.
The orc wields an uncursed trident.
You block the orc's attack.
The orc warrior hits you from afar with a trident!
You die...

########################
.............(()))......
..........((((((♣o......
##..##...###...##o.##..#
.......≈≈# #≈≈...oo...
......≈≈≈# #≈≈≈....o....
....≈≈≈≈## ##≈≈≈≈.......
..≈≈≈≈### ###≈≈≈≈..o..
.≈≈≈≈## #≈≈≈≈....
....... .oo..... .......


You could see an orc knight, 6 orc warriors and an orc.

Vanquished Creatures
  Rupert (Lair:5)
  An orc warlord (D:11)
  Nessos (Lair:5)
  Azrael (Orc:2)
  A minotaur (Lab)
  5 dire elephants (Lair:6)
  3 hydras
  An anaconda (Lair:6)
  A centaur warrior (D:8)
  2 two-headed ogres (D:9)
  A queen ant (Lair:3)
  An ogre mage (D:9)
  3 death yaks (Lair:5)
  Sonja (Lair:4)
  An orc knight (Orc:2)
  An orc sorcerer (Orc:1)
  Joseph (D:7)
  A black mamba (Lair:3)
  16 elephants
  2 molten gargoyles (Volcano)
  3 rime drakes
  6 spiny frogs
  3 efreet (Volcano)
  A komodo dragon (Lair:6)
  A polar bear (Lair:2)
  A troll (Orc:1)
  14 blink frogs
  11 hippogriffs
  10 dream sheep
  A spriggan (Lair:2)
  6 wyverns
  A wraith (D:11)
  33 yaks
  A human (D:7)
  5 fire elementals
  4 hogs (D:7)
  Grum (D:11)
  6 basilisks
  A steam dragon (D:8)
  4 nagas (Lair:2)
  Menkaure (D:7)
  16 two-headed ogre zombies (D:9)
  5 wargs
  26 water moccasins
  20 soldier ants (Lair:3)
  4 hell hounds (Orc:2)
  10 porcupines
  An eye of draining (D:11)
  2 sky beasts (D:7)
  43 orc warriors
  4 ice beasts
  A black bear (Lair:2)
  3 phantoms
  A necrophage (D:9)
  8 wolves
  17 centaurs
  6 ogres
  10 crocodiles
  2 big kobolds
  13 bullfrogs
  2 earth elementals (Volcano)
  A gnoll sergeant (D:6)
  4 scorpions
  6 killer bees (D:8)
  A vampire bat (Lair:6)
  5 electric eels
  A howler monkey (D:8)
  3 bullfrog zombies
  A centaur zombie (D:9)
  8 crimson imps
  A quasit (D:7)
  6 jellies
  2 bullfrog skeletons
  4 hounds
  16 orc wizards
  2 iguanas
  10 orc priests
  2 gnoll shamans (D:6)
  4 hell rats (Lair:4)
  28 worker ants
  A hound skeleton (D:4)
  8 mummies (Ossuary)
  22 gnolls
  18 adders
  A howler monkey skeleton (D:7)
  A shadow imp (D:10)
  An adder skeleton (D:7)
  An adder zombie (D:8)
  2 dart slugs (D:2)
  12 leopard geckos
  89 orcs
  20 bats
  2 giant cockroaches
  2 gnoll zombies (Ossuary)
  6 goblins
  6 hobgoblins
  6 jackals
  4 quokkas
  5 frilled lizards
  A hobgoblin zombie (Ossuary)
  A jackal skeleton (D:4)
  14 kobolds
  4 kobold zombies (Ossuary)
  A leopard gecko skeleton (D:9)
  An orc zombie (Ossuary)
  9 rats
  A fire vortex (Volcano)
  2 plants (Lair:6)
699 creatures vanquished.

Vanquished Creatures (others)
  2 fire vortices (Volcano)
  6 fungi
  6 plants
14 creatures vanquished.

Grand Total: 713 creatures vanquished

Notes
Turn   | Place    | Note
-------+----------+-------------------------------------------
     0 | D:1      | PaladinM the Human Fighter began the quest for the Orb.
     0 | D:1      | Reached XP level 1. HP: 18/18 MP: 1/1
   242 | D:1      | Reached XP level 2. HP: 24/24 MP: 2/2
   590 | D:1      | Reached skill level 3 in Long Blades
   950 | D:2      | Reached XP level 3. HP: 29/29 MP: 3/3
  1596 | D:3      | Reached skill level 4 in Long Blades
  1596 | D:3      | Reached XP level 4. HP: 35/35 MP: 4/4
  1625 | D:3      | Found a bloodstained altar of Trog.
  1808 | D:3      | You fall through a shaft!
  1953 | D:4      | Reached XP level 5. HP: 30/41 MP: 5/5
  2232 | D:4      | Reached skill level 5 in Long Blades
  2644 | D:4      | Reached XP level 6. HP: 36/47 MP: 6/6
  2651 | D:4      | Reached skill level 6 in Long Blades
  3197 | D:4      | Found a bloodstained altar of Trog.
  3496 | D:5      | Entered Level 5 of the Dungeon
  3652 | D:5      | Reached skill level 7 in Long Blades
  3652 | D:5      | Reached XP level 7. HP: 45/52 MP: 7/7
  3868 | D:5      | Found a staircase to the Ecumenical Temple.
  3880 | Temple   | Entered the Ecumenical Temple
  3888 | Temple   | Became a worshipper of the Shining One
  4183 | D:5      | Reached skill level 8 in Long Blades
  4207 | D:5      | Reached XP level 8. HP: 44/58 MP: 8/8
  4400 | D:5      | Got a translucent scimitar
  4401 | D:5      | Identified the +4 scimitar "Bytaanuc" {drain, rC+ Int+2}
                  | (You found it on level 5 of the Dungeon)
  4560 | D:6      | Reached skill level 9 in Long Blades
  4612 | D:6      | Found Domp's Jewellery Boutique.
  5652 | D:6      | Reached skill level 10 in Long Blades
  6112 | D:7      | Reached XP level 9. HP: 63/63 MP: 9/9
  6335 | D:7      | Reached skill level 5 in Armour
  6375 | D:7      | Reached * piety under the Shining One
  6448 | D:7      | Found Xoqyz's Food Boutique.
  6647 | D:7      | Noticed Joseph
  6925 | D:7      | Killed Joseph
  6925 | D:7      | Reached skill level 5 in Fighting
  7443 | D:7      | Reached XP level 10. HP: 68/80 MP: 10/10
  7675 | D:7      | Noticed Menkaure
  7683 | D:7      | Killed Menkaure
  7774 | D:8      | Identified a scroll of acquirement
  7888 | D:8      | Found a runed door.
  7889 | D:8      | Reached skill level 5 in Dodging
  8070 | D:8      | Got a pair of pitted gloves
  8076 | D:8      | Identified the cursed +0 pair of gloves "Domoame" {rF+
                  | Str+3} (You found it on level 8 of the Dungeon)
  8147 | D:8      | Found a staircase to the Lair.
  8271 | D:8      | Found a sand-covered staircase.
  8278 | Ossuary  | Entered an ossuary
  8280 | Ossuary  | Reached ** piety under the Shining One
  8555 | D:8      | Found a sparkling altar of Nemelex Xobeh.
  8768 | D:8      | Noticed a centaur warrior
  8768 | D:8      | Reached *** piety under the Shining One
  8775 | D:8      | Killed a centaur warrior
  8870 | Lair:1   | Entered Level 1 of the Lair of Beasts
  8915 | Lair:1   | Found a dark tunnel.
  8929 | Volcano  | Entered a volcano
  8933 | Volcano  | Noticed an efreet
  8950 | Volcano  | Killed an efreet
  8950 | Volcano  | Reached XP level 11. HP: 51/86 MP: 11/11
  9127 | Volcano  | Reached skill level 11 in Long Blades
  9413 | Volcano  | Noticed a lindwurm
  9413 | Volcano  | Noticed a lindwurm
 10208 | Volcano  | Reached skill level 12 in Long Blades
 10622 | Lair:1   | Noticed a five-headed hydra
 10629 | Lair:1   | Killed a one-headed hydra
 10862 | Lair:1   | Reached skill level 13 in Long Blades
 11564 | Lair:2   | Found a staircase to the Snake Pit.
 11658 | Lair:1   | HP: 3/86 [yak (9)]
 11663 | Lair:1   | Reached XP level 12. HP: 5/92 MP: 12/12
 12004 | Lair:2   | Found a staircase to the Swamp.
 12012 | Lair:2   | Found a labyrinth entrance.
 12021 | Lab      | Entered a labyrinth
 12156 | Lab      | Noticed a minotaur
 12166 | Lab      | Killed a minotaur
 12166 | Lab      | Reached skill level 14 in Long Blades
 12169 | Lab      | Identified the Compendium of Congealing Aid
 12798 | Lair:2   | Reached skill level 15 in Long Blades
 13133 | Lair:3   | Noticed a queen ant
 13142 | Lair:3   | Reached **** piety under the Shining One
 13177 | Lair:3   | Killed a queen ant
 13198 | Lair:3   | Reached skill level 16 in Long Blades
 13559 | Lair:3   | Reached XP level 13. HP: 92/98 MP: 13/13
 13573 | Lair:3   | Noticed a four-headed hydra
 13580 | Lair:3   | Killed a one-headed hydra
 14093 | Lair:3   | Reached skill level 10 in Fighting
 14290 | Lair:3   | Noticed an eight-headed hydra
 14298 | Lair:3   | Killed a three-headed hydra
 15060 | Lair:4   | Reached skill level 1 in Invocations
 15447 | Lair:4   | Noticed Sonja
 15465 | Lair:4   | Killed Sonja
 16073 | Lair:5   | Noticed Rupert
 16852 | Lair:5   | Paralysed by Rupert for 6 turns
 16868 | Lair:5   | Paralysed by Rupert for 2 turns
 16872 | Lair:5   | Killed Rupert
 16872 | Lair:5   | Reached skill level 5 in Invocations
 16872 | Lair:5   | Reached XP level 14. HP: 74/113 MP: 17/17
 17097 | Lair:5   | Noticed Nessos
 17112 | Lair:5   | Killed Nessos
 17869 | Lair:6   | Entered Level 6 of the Lair of Beasts
 17989 | Lair:6   | Found a staircase to the Slime Pits.
 17989 | Lair:6   | Found a viscous altar of Jiyva.
 18891 | Lair:6   | Noticed a dire elephant
 18907 | Lair:6   | Killed a dire elephant
 18922 | Lair:6   | Noticed a dire elephant
 19086 | Lair:6   | Noticed a dire elephant
 19086 | Lair:6   | Noticed a dire elephant
 19169 | Lair:6   | Killed a dire elephant
 19179 | Lair:6   | Killed a dire elephant
 19303 | Lair:6   | Killed a dire elephant
 20267 | Lair:6   | Noticed a dire elephant
 20284 | Lair:6   | Killed a dire elephant
 20459 | D:9      | Found an iron altar of Okawaru.
 20465 | D:9      | Found a burning altar of Makhleb.
 20543 | D:9      | Found a glowing golden altar of the Shining One.
 20545 | D:9      | Reached ***** piety under the Shining One
 20600 | D:9      | You fall through a shaft for 2 floors!
 20859 | D:11     | Reached skill level 17 in Long Blades
 20859 | D:11     | Reached XP level 15. HP: 119/119 MP: 11/22
 20920 | D:10     | Entered Level 10 of the Dungeon
 21217 | D:9      | Reached skill level 10 in Invocations
 22456 | D:11     | Found a staircase to the Orcish Mines.
 22458 | D:11     | Found Toitac's Armour Emporium.
 22848 | D:11     | Noticed Grum
 22857 | D:11     | Killed Grum
 22920 | Orc:1    | Entered Level 1 of the Orcish Mines
 22974 | Orc:1    | Found a roughly hewn altar of Beogh.
 23148 | Orc:1    | Noticed an orc warlord
 23733 | D:11     | Killed an orc warlord
 24164 | Orc:2    | Entered Level 2 of the Orcish Mines
 24181 | Orc:2    | Noticed Azrael
 24214 | Orc:2    | Killed Azrael
 24219 | Orc:2    | Reached ****** piety under the Shining One
 24970 | Orc:2    | HP: 5/178 [orc warrior/glaive (11)]
 24970 | Orc:2    | Slain by an orc warrior

Skill      XL: |  1  2  3  4  5  6  7  8  9 10 11 12 13 14 15 |
---------------+----------------------------------------------+-----
Long Blades    | 3 4 5 7 8 10 13 16 17 | 17.8
Armour         | 4 5 7 8 |  8.4
Fighting       | 7 11 | 11.2
Dodging        | 8 |  8.0
Invocations    | 5 9 11 | 11.7
Shields        | |  3.0

Action                   |  1- 3 |  4- 6 |  7- 9 | 10-12 | 13-15 || total
-------------------------+-------+-------+-------+-------+-------++-------
Melee: Long sword        |   109 |   204 |   398 |    12 |       ||   723
       Scimitar          |       |       |       |   476 |  1209 ||  1685
Invok: Divine Shield     |       |       |       |       |     3 ||     3
Evoke: Wand              |       |       |       |       |     3 ||     3
  Use: Potion            |       |     1 |       |     6 |     7 ||    14
       Scroll            |       |       |     8 |    12 |    10 ||    30
  Eat: Chunk             |     1 |     8 |     3 |    13 |    30 ||    55
       Ration            |       |       |     3 |     2 |     2 ||     7
Armor: Chain mail        |    78 |   123 |    98 |   114 |   198 ||   611
       Scale mail        |     1 |       |       |       |       ||     1
       Plate armour      |       |       |   120 |    57 |   296 ||   473
       Skin              |       |       |       |       |     1 ||     1
Dodge: Dodged            |    24 |    53 |    71 |   125 |   454 ||   727
       Deflected         |       |       |       |       |    27 ||    27
Block: Shield            |    63 |   110 |   193 |   184 |   659 ||  1209
       Rpst.: Long sword |    12 |    18 |    22 |       |       ||    52
       Scimitar          |       |       |       |    38 |   104 ||   142
